cohdb
Replays
Latest Replays
All Replays
Popular Replays
Top Player Replays
Match Explorer
How It Works
Community
CoH3 Stats
Reddit
Sign in to upload your games and track your stats! →
Sign in with Steam
Match 41438809
Unlisted
Match 41438809
Overview
Messages
Build Orders
End
Kradschützen Motorcycle Team
Panzerpioneer Squad
Panzerpioneer Squad
Construct Light Support Kompanie
Panzerjäger Squad
Construct Mechanized Kompanie
2.5-tonne Medical Truck
Selects Italian Infantry
Selects Guastatori Squad
Selects L6/40 Light Tank Combat Group
Selects Guastatori Squad
Selects Guastatori Squad
Guastatori Squad
Panzerjäger Mechanized Group
254 Reconnaissance Tractor
Veteran Squad Leaders
Selects Defensive Operations
Construct Panzerarmee Kommand
Selects Prepared Positions
Armored Reserves
Panzer IV Assault Group
Rapid Advance
Emergency Repair Kits
Tungsten Core Ammunition
Tiger Heavy Tank
2.5-tonne Medical Truck
Support Armor Elements
Seraph
Mr.Faraam
CoNnEcT FoUr!!!
Komrad Dyatlov
Arnie
Maniax
YO BOY ANT
Monkey Master of Monkeys
0
0
Comments
sign in to comment!
No comments posted yet!